 Dungeon Crawl Stone Soup version 0.29.0-4-gdea44cf6ec (webtiles) character file.

Game seed: 13808985846153852074

877 qw the Cleaver (level 7, -8/63 HPs)
             Began as a Minotaur Berserker on Sept 4, 2022.
             Was a Priest of Trog.
             Engulfed by a cloud of flame (23 damage)
             ... on level 4 of the Dungeon.
             The game lasted 00:01:34 (3627 turns).

qw the Cleaver (Minotaur Berserker)                 Turns: 3627, Time: 00:01:35

Health: -8/63      AC: 10    Str: 24    XL:     7   Next: 75%
Magic:  6/6        EV:  9    Int:  4    God:    Trog [***...]
Gold:   209        SH:  0    Dex: 15    Spells: 6/6 levels left

rFire   . . .      SeeInvis .   Y - +0 war axe
rCold   . . .      Faith    .   (no shield)
rNeg    . . .      Spirit   .   j - +0 chain mail
rPois   .          Reflect  .   (helmet restricted)
rElec   .          Harm     .   c - scarf {repulsion}
rCorr   +          Rampage  .   h - +0 pair of gloves
Will    .....                   (no boots)
Stlth   ..........              (no amulet)
HPRegen 0.20/turn               o - ring of resist corrosion
MPRegen 0.10/turn               d - +6 ring of dexterity

@: repel missiles
A: horns 2, retaliatory headbutt
a: Renounce Religion, Berserk, Trog's Hand


You were on level 4 of the Dungeon.
You worshipped Trog.
Trog was most pleased with you.
You visited 1 branch of the dungeon, and saw 4 of its levels.

You collected 209 gold pieces.


Innate Abilities, Weirdness & Mutations

You have a pair of horns on your head.
You reflexively headbutt those who attack you in melee.


   Skills:
 - Level 6.2 Fighting
 + Level 9.8 Axes
 - Level 3.0 Armour
 - Level 2.1 Dodging


You had 6 spell levels left.
You didn't know any spells.
Your spell library was empty.

Inventory:

Hand Weapons
 k - a +0 morningstar
 Y - a +0 war axe (weapon)
Armour
 c - a scarf of repulsion (worn)
 h - a +0 pair of gloves (worn)
 j - a +0 chain mail (worn)
Jewellery
 d - a +6 ring of dexterity (right hand)
 o - a ring of resist corrosion (left hand)
Scrolls
 a - a scroll of identify
Potions
 b - a potion of degeneration {unknown}
 e - a potion of haste
 f - a potion of invisibility {unknown}
 g - a potion of lignification {unknown}
 m - a potion of flight {unknown}
 n - a potion of mutation {unknown}

Dungeon Overview and Level Annotations

Branches:
Dungeon (4/15)             Temple (0/1) D:4

Altars:
Ashenzari
Nemelex Xobeh

Shops:
D:3 :


Message History

There is a dry fountain here.
You're in a travel-excluded area, stopping explore.
You're in a travel-excluded area, stopping explore.
3445 ||| DRINKING 2 fuming dark potions.
It was a potion of ambrosia.
You are confused.
You feel invigorated.
You start waiting.
You feel less invigorated.
You feel less confused.
Done waiting.
You're in a travel-excluded area, stopping explore.
3546 ||| DROPPING potion of ambrosia.
You drop a potion of ambrosia.
You're in a travel-excluded area, stopping explore.
You're in a travel-excluded area, stopping explore.
3547 ||| Stepping randomly (stuck).
You're in a travel-excluded area, stopping explore.
You're in a travel-excluded area, stopping explore.
3548 ||| Stepping randomly (stuck).
You're in a travel-excluded area, stopping explore.
You're in a travel-excluded area, stopping explore.
3549 ||| Stepping randomly (stuck).
You're in a travel-excluded area, stopping explore.
You're in a travel-excluded area, stopping explore.
3550 ||| Stepping randomly (stuck).
You're in a travel-excluded area, stopping explore.
You're in a travel-excluded area, stopping explore.
You're in a travel-excluded area, stopping explore.
3557 ||| Stepping randomly (stuck).
Really walk into that cloud of flame?
You are engulfed in blazing flames.
You're standing in a cloud of flame!
You are engulfed in blazing flames.
You start resting.
You are engulfed in blazing flames.
You're standing in a cloud of flame!
You are engulfed in blazing flames.
You start resting.
You are engulfed in blazing flames.
You die...

## ###################
##. #...00......00....#
#.. #0...00.00..0.....#
#.. #0.............0..#
#.. #.....0........0..#
#.. #......@..........#
##.
#..............!..######
#.................8..#.#
#>......................
#.................8.....
#.................#.##..
#.................####..
#....000....0.0.0.# #...
#.......0...00....#####.


There were no monsters in sight!

Vanquished Creatures
  Grinder (D:3)
  Menkaure (D:4)
  A sky beast (D:4)
  A centaur (D:4)
  A phantom (D:4)
  A jelly (D:4)
  An orc priest (D:4)
  Ijyb (D:3)
  An iguana (D:4)
  5 adders
  3 gnolls (D:4)
  An ufetubus (D:4)
  5 dart slugs
  15 orcs
  9 ball pythons
  5 endoplasms
  4 giant cockroaches
  7 goblins
  10 hobgoblins
  4 jackals
  12 kobolds
  3 quokkas
  7 bats
  2 frilled lizards
  8 rats
109 creatures vanquished.

Vanquished Creatures (others)
  A ball python (D:4)
  A kobold (D:4)
2 creatures vanquished.

Grand Total: 111 creatures vanquished

Notes
Turn   | Place    | Note
-------+----------+-------------------------------------------
     0 | D:1      | qw the Minotaur Berserker began the quest for the Orb.
     0 | D:1      | Reached XP level 1. HP: 19/19 MP: 0/0
     0 | D:1      | 0 ||| qw: Version: 0.1-a-103-gd6f5d3a
     0 | D:1      | 0 ||| qw: Game counter: 5683
     0 | D:1      | 0 ||| qw: Always use a shield: true
     0 | D:1      | 0 ||| qw: Do Orc after D:15 true
     0 | D:1      | 0 ||| qw: Do second Lair branch before Depths: true
     0 | D:1      | 0 ||| qw: Lair rune preference: random
     0 | D:1      | 0 ||| qw: Plans: Normal
     0 | D:1      | 0 ||| PLANNING D:1-11
   155 | D:1      | Reached skill level 4 in Axes
   173 | D:1      | 173 ||| Stepping ~*~*~tactically~*~*~ (stealth).
   179 | D:1      | Reached XP level 2. HP: 26/26 MP: 1/1
   186 | D:1      | 186 ||| INVOKING Berserk.
   427 | D:1      | Reached skill level 5 in Axes
   548 | D:1      | Reached XP level 3. HP: 31/31 MP: 2/2
   551 | D:1      | Reached ** piety under Trog
   573 | D:1      | 573 ||| DROPPING +0 whip.
   717 | D:1      | 717 ||| UPGRADING to scarf of repulsion.
   722 | D:1      | 722 ||| UPGRADING to +0 pair of gloves.
   727 | D:1      | 727 ||| UPGRADING to +0 chain mail.
   737 | D:1      | 737 ||| DROPPING +0 animal skin.
   738 | D:1      | 738 ||| READING scroll labelled VITUPN WOIGRUC.
   739 | D:1      | 739 ||| READING scroll labelled ZYAPTO QITEQA.
   740 | D:1      | 740 ||| READING scroll labelled SEFFIT VEME.
   744 | D:1      | 744 ||| READING scroll labelled PODDOU BEGY.
   894 | D:2      | Found a faded altar of an unknown god.
  1037 | D:2      | You fall into a shaft and drop 1 floor!
  1038 | D:3      | 1038 ||| READING scroll labelled YMNAYHU KYES.
  1184 | D:2      | Reached skill level 6 in Axes
  1184 | D:2      | Reached XP level 4. HP: 30/39 MP: 3/3
  1326 | D:2      | 1326 ||| READING scroll labelled EVO CIPIFYST.
  1366 | D:3      | 1366 ||| STAIRDANCE
  1406 | D:3      | 1406 ||| Stepping ~*~*~tactically~*~*~ (stealth).
  1407 | D:3      | 1407 ||| Stepping ~*~*~tactically~*~*~ (stealth).
  1429 | D:3      | Found Gitzoly's Vocational Training.
  1431 | D:3      | Noticed Ijyb
  1434 | D:3      | 1434 ||| INVOKING Berserk.
  1439 | D:3      | Killed Ijyb
  1562 | D:3      | 1562 ||| READING scroll labelled HAIFAJ APEKOV.
  1695 | D:3      | Reached XP level 5. HP: 43/45 MP: 4/4
  1696 | D:3      | Reached skill level 7 in Axes
  1757 | D:3      | 1757 ||| SWAPPING to +0 war axe.
  1758 | D:3      | 1758 ||| DROPPING +1 hand axe.
  1777 | D:3      | 1777 ||| Stepping ~*~*~tactically~*~*~ (stealth).
  1797 | D:3      | Noticed Grinder
  1798 | D:3      | 1798 ||| Stepping ~*~*~tactically~*~*~ (hiding).
  1801 | D:3      | 1801 ||| Stepping ~*~*~tactically~*~*~ (hiding).
  1803 | D:3      | 1803 ||| Stepping ~*~*~tactically~*~*~ (hiding).
  1807 | D:3      | 1807 ||| INVOKING Trog's Hand.
  1808 | D:3      | 1808 ||| INVOKING Berserk.
  1815 | D:3      | Killed Grinder
  1816 | D:3      | Reached skill level 6 in Fighting
  1816 | D:3      | Reached XP level 6. HP: 57/57 MP: 5/5
  2092 | D:3      | 2092 ||| DROPPING orb of light.
  2093 | D:3      | 2093 ||| UPGRADING to ring of resist corrosion.
  2094 | D:3      | 2094 ||| READING scroll labelled UZYOHI YZ XIU.
  2095 | D:3      | 2095 ||| READING scroll labelled PYQOYTS LAXENN.
  2096 | D:3      | 2096 ||| DRINKING 3 murky amethyst potions.
  2097 | D:3      | 2097 ||| DRINKING 2 black potions.
  2098 | D:3      | 2098 ||| DRINKING 2 cyan potions.
  2099 | D:3      | 2099 ||| DROPPING 2 potions of attraction.
  2100 | D:3      | 2100 ||| DROPPING potion of brilliance.
  2140 | D:4      | Noticed a sky beast
  2146 | D:4      | Killed a sky beast
  2149 | D:4      | Noticed Menkaure
  2154 | D:4      | 2154 ||| INVOKING Berserk.
  2156 | D:4      | Killed Menkaure
  2157 | D:4      | Reached skill level 8 in Axes
  2157 | D:4      | Reached XP level 7. HP: 63/63 MP: 6/6
  2229 | D:4      | 2229 ||| Stepping ~*~*~tactically~*~*~ (stealth).
  2231 | D:4      | 2231 ||| Stepping ~*~*~tactically~*~*~ (stealth).
  2242 | D:4      | 2242 ||| INVOKING Berserk.
  2259 | D:4      | 2259 ||| Stepping ~*~*~tactically~*~*~ (stealth).
  2260 | D:4      | 2260 ||| Stepping ~*~*~tactically~*~*~ (stealth).
  2267 | D:4      | Reached *** piety under Trog
  2400 | D:4      | Found a staircase to the Ecumenical Temple.
  2454 | D:4      | 2454 ||| Stepping ~*~*~tactically~*~*~ (stealth).
  2581 | D:4      | Found a broken altar of Ashenzari.
  2741 | D:4      | Reached skill level 9 in Axes
  2814 | D:4      | 2814 ||| Stepping ~*~*~tactically~*~*~ (stealth).
  2816 | D:4      | 2816 ||| Stepping ~*~*~tactically~*~*~ (stealth).
  2823 | D:4      | 2823 ||| INVOKING Berserk.
  2826 | D:4      | HP: 21/94 [iguana (5)]
  2866 | D:4      | 2866 ||| FLEEEEING.
  2867 | D:4      | 2867 ||| FLEEEEING.
  2868 | D:4      | 2868 ||| FLEEEEING.
  2869 | D:4      | 2869 ||| FLEEEEING.
  2870 | D:4      | 2870 ||| FLEEEEING.
  2871 | D:4      | 2871 ||| FLEEEEING.
  2872 | D:4      | 2872 ||| FLEEEEING.
  2876 | D:4      | 2876 ||| FLEEEEING.
  2877 | D:4      | 2877 ||| FLEEEEING.
  2878 | D:4      | 2878 ||| FLEEEEING.
  2882 | D:4      | 2882 ||| FLEEEEING.
  2883 | D:4      | 2883 ||| FLEEEEING.
  2884 | D:4      | 2884 ||| FLEEEEING.
  2885 | D:4      | 2885 ||| FLEEEEING.
  2886 | D:4      | 2886 ||| INVOKING Berserk.
  2894 | D:4      | HP: 15/63 [poisoned by a kobold]
  3153 | D:4      | 3153 ||| Stepping ~*~*~tactically~*~*~ (stealth).
  3156 | D:4      | Reached skill level 3 in Armour
  3163 | D:4      | 3163 ||| INVOKING Berserk.
  3278 | D:4      | Identified the +4 long sword of Yredelemnul's Fury {speed,
                  | Str+2}
  3298 | D:4      | 3298 ||| UPGRADING to +6 ring of dexterity.
  3299 | D:4      | 3299 ||| READING scroll labelled SIDUYX SUK APPESO.
  3300 | D:4      | 3300 ||| READING scroll labelled HIMNI XOTTOLEK.
  3395 | D:4      | Found a sparkling altar of Nemelex Xobeh.
  3445 | D:4      | 3445 ||| DRINKING 2 fuming dark potions.
  3546 | D:4      | 3546 ||| DROPPING potion of ambrosia.
  3547 | D:4      | 3547 ||| Stepping randomly (stuck).
  3548 | D:4      | 3548 ||| Stepping randomly (stuck).
  3549 | D:4      | 3549 ||| Stepping randomly (stuck).
  3550 | D:4      | 3550 ||| Stepping randomly (stuck).
  3557 | D:4      | 3557 ||| Stepping randomly (stuck).
  3616 | D:4      | HP: 13/63 [something (11)]
  3627 | D:4      | Engulfed by a cloud of flame

Levels and vault maps discovered:
D:1:      heliophobic_arrival_ceremonial_halls, layout_rooms
D:2:      layout_rooms, hellmonk_ecumenical_altar_blasted,
          minmay_split_cup_large
D:3:      layout_rooms, minmay_crystal_water, corexii_hall_statues_i,
          nicolae_shop_vocational, uniq_grinder, uniq_ijyb
D:4:      minmay_clustersquares, layout_cave_pools, evilmike_ruin_ashenzari,
          nemelex_diamond_rough_becter, lemuel_temple_firewalk_b,
          serial_column_ruins, column_ruins_square_medium, column_ruins_grid_3,
          column_ruins_open_medium, column_ruins_corridor_corner,
          column_ruins_open_tiny, column_ruins_open_tiny, uniq_menkaure

Skill      XL: |  1  2  3  4  5  6  7 |
---------------+----------------------+-----
Axes           | 4 5 6 7 8 9 |  9.8
Fighting       | 6 |  6.2
Armour         | 3 |  3.0
Dodging        | |  2.1

Action                   |  1- 3 |  4- 6 |  7- 9 || total
-------------------------+-------+-------+-------++-------
Melee: Hand axe          |    86 |    46 |       ||   132
       Headbutt          |    14 |     7 |     8 ||    29
       Punch             |     1 |     1 |       ||     2
       War axe           |       |    23 |    74 ||    97
Invok: Berserk           |     1 |     3 |     4 ||     8
       Trog's Hand       |       |     1 |       ||     1
  Use: Scroll            |     5 |     4 |     2 ||    11
       Potion            |       |     3 |     1 ||     4
Armor: Animal skin       |    13 |       |       ||    13
       Chain mail        |    24 |    23 |    23 ||    70
Dodge: Dodged            |    43 |    27 |    32 ||   102
       Repelled          |     1 |       |       ||     1

Table legend:
 A = Non-vault XP
 B = Vault XP
 C = Vault XP percentage of total XP
 D = Non-vault monster count
 E = Vault monster count
 F = Vault count percentage of total count
                 A         B        C        D         E       F
            +---------+---------+-------+---------+---------+-------
      Total |     508 |     746 |  59.5 |      89 |      20 |  18.3
            +---------+---------+-------+---------+---------+-------
        D:1 |      54 |       0 |   0.0 |      29 |       0 |   0.0
        D:2 |      40 |      31 |  43.7 |      15 |       4 |  21.1
        D:3 |      53 |     311 |  85.4 |      22 |       2 |   8.3
        D:4 |     361 |     404 |  52.8 |      23 |      14 |  37.8
            +---------+---------+-------+---------+---------+-------
